AoeStats
← _LY_抖音肥龙

Socotra

506684293Analyzed
4v4 RM · 17d ago on Sep 14, 2026· 30m 7s· 8 players
Game mode
Random Map
Map size
148×148
Population
200
Speed
Normal
Resources
Standard
Victory
Conquest
Starting age
Dark Age
Ending age
Imperial Age
RankedLock teamsTeams togetherTeam positionsShared explorationLock speedFull tech treeHidden civsTurbo modeCheats
Victory
Defeat
🇨🇳 Muisca · China
1870
+8
🇭🇰 Spanish · Hong Kong SAR China
1780
+11
🇨🇳 Koreans · China
1622
+17
🇨🇳 Magyars · China
1581
+19
🇧🇪 Persians · Belgium
1731
-17
🇨🇦 Portuguese · Canada
1679
-14
🇹🇷 Koreans · Türkiye
1626
-12
🇪🇸 Magyars · Spain
1613
-12
Pelopincho
8:51 Feudal Age
8:56 Loom
9:23 Double-Bit Axe
15:47 Scale Barding Armor
16:53 Wheelbarrow
21:21 Castle Age
20:56 Bloodlines
20:40 Gold Mining
22:04 Husbandry
21:25 Light Cavalry
21:47 Horse Collar
22:18 Bow Saw
25:40 Chain Barding Armor
25:26 Heavy Plow
JINX
5:37 Loom
7:44 Feudal Age
8:35 Double-Bit Axe
10:04 Wheelbarrow
12:22 Horse Collar
16:33 Gold Mining
19:10 Castle Age
18:29 Scale Barding Armor
19:50 Bow Saw
20:10 Chain Barding Armor
20:59 Husbandry
21:31 Bloodlines
21:23 Scale Mail Armor
21:34 Forging
28:54 Heavy Plow
P3RL
5:26 Loom
11:32 Feudal Age
12:12 Double-Bit Axe
13:08 Fletching
21:40 Castle Age
21:47 Crossbowman
22:46 Crossbowman
Benitto Burrito
2:18 Loom
11:34 Feudal Age
12:09 Town Watch
15:39 Castle Age
13:53 Double-Bit Axe
19:36 Horse Collar
27:05 Imperial Age
26:51 Bow Saw
_LY_抖音肥龙
9:20 Loom
13:01 Feudal Age
16:58 Castle Age
15:16 Double-Bit Axe
15:57 Horse Collar
18:48 Wheelbarrow
24:05 Padded Archer Armor
26:41 Leather Archer Armor
26:50 Husbandry
27:55 Bloodlines
云层贩卖心动
8:59 Loom
11:25 Feudal Age
12:42 Double-Bit Axe
16:29 Castle Age
18:01 Horse Collar
22:47 Bow Saw
23:03 Fletching
24:01 Bodkin Arrow
24:36 Heavy Plow
25:19 Man-at-Arms
26:18 Gold Mining
28:02 Wheelbarrow
28:51 Ballistics
30:29 Eupseong
aimbot
5:38 Loom
8:36 Feudal Age
9:18 Double-Bit Axe
16:12 Scale Barding Armor
17:27 Bloodlines
18:01 Horse Collar
24:14 Castle Age
23:13 Gold Mining
24:55 Wheelbarrow
24:58 Husbandry
25:20 Chain Barding Armor
25:24 Bow Saw
CNZS_Bad Koala
8:10 Loom
10:31 Feudal Age
14:10 Castle Age
12:27 Horse Collar
12:35 Double-Bit Axe
12:33 Horse Collar
13:12 Gold Mining
20:54 Sanctity
25:08 Bow Saw
25:58 Fervor
Connection lost

Rejoining the realm…

Still unreachable

The connection could not be restored.

Session expired

The server has moved on; the page needs a fresh start.